 Dungeon Crawl Stone Soup version 0.29-a0-284-gf9362112df (webtiles) character file.

Game seed: 13972828306172380685

33 davidthevgamer991 the Skirmisher (level 3, -2/29 HPs)
             Began as a Demonspawn Fighter on Mar 29, 2022.
             Slain by an adder (3 damage)
             ... on level 2 of the Dungeon.
             The game lasted 00:06:09 (1105 turns).

davidthevgamer991 the Skirmisher (DsFi)             Turns: 1105, Time: 00:06:09

Health: -2/29      AC:  6    Str: 16    XL:     3   Next: 12%
Magic:  3/3        EV:  9    Int:  9    God:
Gold:   80         SH:  5    Dex: 14    Spells: 2/2 levels left

rFire   . . .      SeeInvis .   a - +0 long sword
rCold   . . .      Faith    .   c - +0 buckler
rNeg    . . .      Spirit   .   b - +0 scale mail
rPois   .          Reflect  .   (no helmet)
rElec   .          Harm     .   (no cloak)
rCorr   .          Rampage  .   (no gloves)
Will    .....                   (no boots)
Stlth   ..........              (no amulet)
HPRegen 0.09/turn               (no ring)
MPRegen 0.08/turn               (no ring)

@: mighty, lethally poisoned (-2 -> -6)
A: claws 2
a: no special abilities


You were on level 2 of the Dungeon.
You visited 1 branch of the dungeon, and saw 2 of its levels.

You collected 80 gold pieces.

Inventory:

Hand Weapons
 a - a +0 long sword (weapon)
Armour
 b - a +0 scale mail (worn)
 c - a +0 buckler (worn)
Scrolls
 f - 2 scrolls of teleportation {unknown}
 g - a scroll of holy word {unknown}
 i - a scroll of blinking {unknown}
Potions
 d - a potion of might
 e - a potion of haste {unknown}
 h - a potion of cancellation {unknown}


   Skills:
 + Level 3.2 Fighting
 + Level 2.1 Long Blades
 + Level 3.1 Armour
 + Level 0.9 Dodging
 + Level 2.9 Shields


You had 2 spell levels left.
You didn't know any spells.
Your spell library contained the following spells:

 Spells                   Type           Power      Damage    Failure   Level
 Summon Small Mammal      Summ           0%         N/A       88%         1
 Call Canine Familiar     Summ           0%         N/A       99%         3
 Summon Guardian Golem    Hex/Summ       0%         N/A       99%         3


Dungeon Overview and Level Annotations

Branches:
Dungeon (2/15)

Altars:


Innate Abilities, Weirdness & Mutations

You have very sharp fingernails.


Message History

The adder completely misses you. You block the adder's attack.
The kobold shouts!
You hit the adder.
The adder is almost dead.
You hear a shout!
You block the adder's attack. The adder bites you.
You are poisoned.
The adder poisons you! The adder bites you.
You feel very mighty all of a sudden.
You feel sick. You block the adder's attack. The adder barely misses you.
The adder closely misses you.
You closely miss the adder.
The adder is moderately wounded.
You feel sick.
The adder barely misses you. x2; The adder bites you.
You barely miss the adder.
The adder is moderately wounded.
You feel sick. You block the adder's attack. The adder bites you.
* * * LOW HITPOINT WARNING * * *
A hobgoblin comes into view.
The adder barely misses you. You block the adder's attack.
You miss the adder.
The adder is moderately wounded.
You feel sick. The adder bites you.
* * * LOW HITPOINT WARNING * * *
You are lethally poisoned!
The adder poisons you!
The adder bites you but does no damage. x2
You slash the adder!
You kill the adder!
* * * LOW HITPOINT WARNING * * *
You feel sick. The adder closely misses you.
You have reached level 3!
Your experience leads to an increase in your attributes!
Increase (S)trength, (I)ntelligence, or (D)exterity?
You feel agile. x2; Your demonic ancestry asserts itself...
Your fingernails sharpen.
You miss the adder.
The adder is almost dead.
* * * LOW HITPOINT WARNING * * *
You feel sick. The adder bites you.
You die...

. .# .#.. ...#
. .# #..# ##..
... #..##...#
...####........
#....#<...#
#....###
##@....#
#S###.# .Kw. .#
rS#g### . #..
#. . .. .. .# b
... ##.


You could see a worm, an adder, a hobgoblin and a kobold.

Vanquished Creatures
  An adder (D:2)
  2 ball pythons (D:1)
  3 bats (D:1)
  4 endoplasms (D:1)
  A giant cockroach (D:1)
  A goblin (D:1)
  A hobgoblin (D:1)
  4 kobolds (D:1)
  A quokka (D:1)
  A frilled lizard (D:1)
  2 rats (D:1)
21 creatures vanquished.

Notes
Turn   | Place    | Note
-------+----------+-------------------------------------------
     0 | D:1      | davidthevgamer991 the Demonspawn Fighter began the quest
                  | for the Orb.
     0 | D:1      | Reached XP level 1. HP: 18/18 MP: 1/1
   281 | D:1      | Gained mutation: You have sharp fingernails. [demonic
                  | ancestry]
   281 | D:1      | Reached XP level 2. HP: 23/24 MP: 2/2
  1105 | D:2      | Gained mutation: You have very sharp fingernails. [demonic
                  | ancestry]
  1105 | D:2      | Reached XP level 3. HP: 3/29 MP: 3/3
  1105 | D:2      | HP: 1/29 [poisoned by an adder]
  1105 | D:2      | Slain by an adder

Illustrated notes

Levels and vault maps discovered:
D:1:      heliophobic_arrival_battle_scene, layout_basic, minmay_split_cup_small
D:2:      layout_rooms, hellmonk_ecumenical_altar_blasted, serial_shops,
          nicolae_shop_behind_doors, dreamdust_mushroom_princess,
          minmay_pentomino_w4

Skill      XL: |  1  2 |
---------------+-------+-----
Long Blades    | 2 |  2.1
Armour         | 3 |  3.1
Fighting       | |  3.2
Dodging        | |  0.9
Shields        | |  2.9

Action                   || total
-------------------------++-------
Melee: Long sword        ||    65
  Use: Potion            ||     1
Armor: Scale mail        ||    44
Dodge: Dodged            ||    47
Block: Buckler           ||    26

Table legend: (Time is in decaauts)
 A = Elapsed time spent in this place.
 B = Non-inter-level travel time spent in this place.
 C = Inter-level travel time spent in this place.
 D = Time resting spent in this place.
 E = Time spent auto-exploring this place.
 F = Levels seen in this place.
 G = Mean time per level.
                   A        B        C        D        E       F      G
               +--------+--------+--------+--------+--------+-----+--------+
         Total |   1126 |   1031 |     95 |     94 |      0 |   2 |  563.0 |
       Dungeon |   1126 |   1031 |     95 |     94 |      0 |   2 |  563.0 |
               +--------+--------+--------+--------+--------+-----+--------+

Top non-repeatable levels by time:
     D:1: 1108 daAuts
     D:2: 17 daAuts
